AoeStats
← PZ|MBalu

Arabia

509176123Analyzed
2v2 RM · 8d ago on Sep 25, 2026· 34m 38s· 4 players
Game mode
Random Map
Map size
Medium (4 player)
Population
200
Speed
Normal
Resources
Standard
Victory
Conquest
Starting age
Dark Age
Ending age
Imperial Age
RankedLock teamsTeams togetherTeam positionsShared explorationLock speedFull tech treeHidden civsTurbo modeCheats
Victory
Defeat
🇭🇺 Ethiopians · Hungary
1270
+16
🇭🇺 Varangians · Hungary
1195
+20
🇬🇧 Mongols · United Kingdom
1277
-18
🇬🇧 Franks · United Kingdom
1277
-18
PZ|MBalu
7:28 Loom
9:39 Feudal Age
10:40 Double-Bit Axe
21:51 Castle Age
21:43 Gold Mining
21:35 Horse Collar
24:56 Bloodlines
25:52 Scale Barding Armor
27:04 Forging
28:24 Chain Barding Armor
29:34 Heavy Plow
30:29 Wheelbarrow
31:45 Iron Casting
34:40 Stone Mining
PZ|SlothKing
8:25 Feudal Age
6:41 Loom
12:45 Fletching
23:24 Castle Age
22:09 Double-Bit Axe
22:41 Padded Archer Armor
22:56 Gold Mining
23:30 Crossbowman
24:07 Bodkin Arrow
25:21 Leather Archer Armor
32:52 Wheelbarrow
32:03 Town Watch
33:12 Ballistics
jetjag
8:39 Loom
11:15 Feudal Age
17:42 Fletching
17:58 Double-Bit Axe
25:30 Castle Age
23:32 Gold Mining
25:38 Elite Skirmisher
25:47 Elite Skirmisher
27:35 Bow Saw
27:57 Bodkin Arrow
28:03 Padded Archer Armor
31:02 Pikeman
32:52 Husbandry
Balrog
5:10 Loom
8:43 Feudal Age
9:17 Double-Bit Axe
10:23 Horse Collar
21:09 Castle Age
22:59 Scale Barding Armor
23:02 Town Watch
23:49 Husbandry
24:15 Bow Saw
25:16 Bloodlines
27:24 Forging
31:07 Wheelbarrow
31:38 Chain Barding Armor
33:55 Fletching
Connection lost

Rejoining the realm…

Still unreachable

The connection could not be restored.

Session expired

The server has moved on; the page needs a fresh start.